 Dungeon Crawl Stone Soup version 0.26.0-10-g1f06aea511 (webtiles) character file.

Game seed: 16764650881559059884

8157 Marvel the Cleaver (level 11, -15/97 HPs)
             Began as a Demonspawn Abyssal Knight on Jan 13, 2021.
             Was a Priest of Lugonu.
             Demolished by a komodo dragon (23 damage)
             ... on level 2 of the Lair of Beasts on Jan 14, 2021.
             The game lasted 00:27:07 (13041 turns).

Marvel the Cleaver (Demonspawn Abyssal Knight)     Turns: 13041, Time: 00:27:08

Health: -15/97     AC: 10    Str: 17      XL:     11   Next: 6%
Magic:  12/12      EV: 16    Int: 13      God:    Lugonu [***...]
Gold:   345        SH:  0    Dex: 11 (12) Spells: 10/10 levels left

rFire    . . .     SeeInvis .   k - +1 lajatang (vamp)
rCold    . . .     Faith    +   (shield currently unavailable)
rNeg     . . .     Spirit   .   G - +0 ring mail
rPois    +         Reflect  .   (no helmet)
rElec    .         Harm     .   (no cloak)
rCorr    .         Rampage  .   o - +0 pair of gloves
Will     .....     Clarity  +   f - +2 pair of boots
Stlth    +.........             A - amulet of faith
HPRegen  0.26/turn              w - ring of poison resistance
MPRegen  0.13/turn              (no ring)

@: agile
A: talons 2, clarity, demonic guardian 1, poison resistance, powered by pain 1,
robust 1, sturdy frame 2
a: Renounce Religion, Depart the Abyss, Bend Space, Banish


You were on level 2 of the Lair of Beasts.
You worshipped Lugonu.
Lugonu was most pleased with you.
You visited 2 branches of the dungeon, and saw 11 of its levels.
You visited the Abyss 1 time.

You collected 681 gold pieces.
You spent 336 gold pieces at shops.

Inventory:

Hand Weapons
 a - a +1 hand axe
 j - a +0 hand axe
 k - a +1 vampiric lajatang (weapon)
 r - a +1 war axe
 u - a +1 vampiric short sword
 H - a +0 long sword
 I - a +1 battleaxe of flaming
Missiles
 l - 17 boomerangs (quivered)
Armour
 b - a +0 leather armour
 f - a +2 pair of boots (worn)
 o - a +0 pair of gloves (worn)
 p - a +0 chain mail
 G - a +0 ring mail (worn)
Jewellery
 s - an uncursed amulet of guardian spirit
 w - a ring of poison resistance (left hand)
 x - a -4 ring of dexterity
 A - an amulet of faith (around neck)
 B - an uncursed ring of poison resistance
 D - an uncursed ring of fire
Wands
 m - a wand of flame (28)
 v - a wand of polymorph (8)
 y - a wand of acid (13)
 z - a wand of iceblast (7)
Scrolls
 c - 9 scrolls of identify
 d - a scroll of amnesia
 e - 3 scrolls of immolation
 n - a scroll of remove curse
 C - a scroll of fog
Potions
 g - 6 potions of curing
 h - 2 potions of lignification
 i - a potion of flight {unknown}
 q - 2 potions of brilliance
 t - a potion of haste
 E - 3 potions of resistance


   Skills:
 + Level 9.4 Fighting
 - Level 1.3(2.7) Short Blades
 - Level 3.6(3.7) Long Blades
 - Level 10.6 Axes
 + Level 3.6 Staves
 + Level 1.6 Throwing
 + Level 6.1 Armour
 - Level 0.9 Dodging
 - Level 2.6 Invocations


You had 10 spell levels left.
You didn't know any spells.
Your spell library contained the following spells:

 Spells                   Type           Power        Failure   Level
 Animate Skeleton         Necr           0%           32%         1
 Apportation              Tloc           0%           32%         1
 Corona                   Hex            0%           32%         1
 Shock                    Conj/Air       0%           32%         1
 Summon Small Mammal      Summ           0%           32%         1
 Slow                     Hex            0%           45%         2
 Swiftness                Air            0%           45%         2
 Inner Flame              Hex/Fire       0%           69%         3
 Portal Projectile        Hex/Tloc       0%           69%         3
 Static Discharge         Conj/Air       0%           69%         3
 Airstrike                Air            0%           97%         4
 Cause Fear               Hex            0%           97%         4
 Leda's Liquefaction      Hex/Erth       0%           97%         4
 Lightning Bolt           Conj/Air       0%           100%        5
 Ignition                 Fire           0%           100%        8
 Shatter                  Erth           0%           100%        9
 Tornado                  Air            0%           100%        9


Dungeon Overview and Level Annotations

Branches:
Dungeon (9/15)             Temple (0/1) D:5            Lair (2/6) D:8
  Swamp: Lair:2-4    Shoals: Lair:2-4     Snake: Lair:2-4    Spider: Lair:2-4
    Orc: D:9-12

Altars:
Elyvilon
Fedhas
Okawaru
Qazlal
Wu Jian

Shops:
D:6 !

Annotations:
D:9 Maggie


Innate Abilities, Weirdness & Mutations

You have razor-sharp toenails.
A weak demonic guardian rushes to your aid.
You sometimes gain a little power by taking damage.
Your movements are less encumbered by armour. (ER -4)
You possess an exceptional clarity of mind.
Your system is resistant to poisons. (rPois)
You are robust. (+10% HP)


Message History

The komodo dragon misses you.
Your ufetubus completely misses the komodo dragon.
Your ufetubus hits the komodo dragon but does no damage.
You slash the komodo dragon!
You feel better.
The komodo dragon is heavily wounded.
The komodo dragon bites you!
* * * LOW HITPOINT WARNING * * *
You focus on the pain.
You feel agile all of a sudden.
Your ufetubus hits the komodo dragon.
Your ufetubus hits the komodo dragon but does no damage.
You hit the komodo dragon but do no damage.
The komodo dragon is heavily wounded.
Your ufetubus barely misses the komodo dragon. x2
The komodo dragon bites you!
* * * LOW HITPOINT WARNING * * *
Your ufetubus barely misses the komodo dragon.
Your ufetubus hits the komodo dragon but does no damage.
The komodo dragon bites you!!
You die...

.##. ##...
####.+$####
#.........##
###.........P#
##............#
#............##
..#...........#
##l@.......+.
#.5.......P#
#..<......##
###P####### ###


You could see a komodo dragon and a friendly ufetubus (summoned).

Vanquished Creatures
  Pikel (D:6)
  A cane toad (Lair:2)
  A rime drake (Lair:2)
  A wyvern (Lair:1)
  11 yaks
  3 water moccasins
  A black bear (D:8)
  2 orc warriors
  A sky beast (D:5)
  3 ice beasts
  2 phantoms
  2 centaurs
  2 big kobolds
  A lemure (D:6)
  3 bullfrogs
  Dowan (D:6)
  2 scorpions
  12 killer bees
  2 howler monkeys
  2 bullfrog zombies
  4 hounds
  2 jellies
  3 orc priests
  2 centaur skeletons
  4 orc wizards
  3 bullfrog skeletons
  6 iguanas
  A worker ant (D:5)
  A killer bee zombie (D:7)
  2 hound zombies (D:7)
  A hound skeleton (D:7)
  A gnoll (D:3)
  9 adders
  A shadow imp (D:7)
  A white imp (D:6)
  An ooze (D:2)
  An adder skeleton (D:6)
  A worm (D:2)
  5 leopard geckos
  14 orcs
  A ball python (D:1)
  4 bats
  3 giant cockroaches
  4 goblins
  7 hobgoblins
  12 jackals
  14 kobolds
  2 quokkas
  5 frilled lizards
  4 rats
173 creatures vanquished.

Vanquished Creatures (collateral kills)
  A cane toad (Lair:2)
  A komodo dragon (Lair:1)
  Prince Ribbit (D:7)
  Grinder (D:4)
  2 yaks (Lair:2)
  A basilisk (Lair:1)
  Menkaure (D:6)
  A water moccasin (Lair:1)
  Duvessa (D:6)
  A black bear (D:8)
  A sky beast (D:8)
  A centaur (D:7)
  A bullfrog (D:7)
  A scorpion (D:5)
  3 killer bees (D:8)
  An electric eel (Lair:1)
  A quasit (D:9)
  An orc priest (D:6)
  A hound skeleton (D:9)
  A howler monkey zombie (D:7)
  3 gnolls (D:3)
  An adder skeleton (D:7)
  A worm (D:6)
  A leopard gecko (D:8)
  3 orcs (D:3)
32 creatures vanquished.

Vanquished Creatures (others)
  49 fungi
  41 plants
90 creatures vanquished.

Grand Total: 295 creatures vanquished

Notes
Turn   | Place    | Note
-------+----------+-------------------------------------------
     0 | Abyss:1  | Marvel the Demonspawn Abyssal Knight began the quest for
                  | the Orb.
     0 | Abyss:1  | Reached XP level 1. HP: 18/18 MP: 2/2
    15 | D:1      | Escaped the Abyss
   413 | D:1      | You fall into a shaft and drop 1 floor!
   619 | D:1      | Gained mutation: Your movements are slightly less
                  | encumbered by armour. (ER -2) [demonic ancestry]
   619 | D:1      | Reached XP level 2. HP: 23/24 MP: 3/3
  1207 | D:2      | Found a faded altar of an unknown god.
  1295 | D:2      | Found an iron altar of Okawaru.
  1308 | D:2      | Reached skill level 2 in Axes
  1331 | D:2      | Found a white marble altar of Elyvilon.
  1474 | D:2      | Gained mutation: A weak demonic guardian rushes to your
                  | aid. [demonic ancestry]
  1474 | D:2      | Reached XP level 3. HP: 30/30 MP: 4/4
  2606 | D:3      | Reached ** piety under Lugonu
  2689 | D:3      | Reached skill level 3 in Axes
  2689 | D:3      | Gained mutation: You have sharp toenails. [demonic
                  | ancestry]
  2689 | D:3      | Reached XP level 4. HP: 35/37 MP: 5/5
  3260 | D:3      | Gained mutation: You possess an exceptional clarity of
                  | mind. [potion of mutation]
  3260 | D:3      | Gained mutation: Your system is resistant to poisons.
                  | (rPois) [potion of mutation]
  3260 | D:3      | Gained mutation: You have razor-sharp toenails. [potion of
                  | mutation]
  3505 | D:4      | Gained mutation: Your movements are less encumbered by
                  | armour. (ER -4) [demonic ancestry]
  3505 | D:4      | Reached XP level 5. HP: 29/42 MP: 4/6
  3829 | D:4      | Found a stormy altar of Qazlal.
  3834 | D:4      | Found a blossoming altar of Fedhas.
  4014 | D:4      | Noticed Grinder
  4041 | D:4      | Killed Grinder
  4042 | D:4      | Reached skill level 1 in Short Blades
  4042 | D:4      | Reached skill level 4 in Axes
  4042 | D:4      | Reached XP level 6. HP: 10/49 MP: 2/7
  4567 | D:5      | Entered Level 5 of the Dungeon
  4576 | D:5      | Noticed an ice beast
  4586 | D:5      | Killed an ice beast
  4728 | D:5      | Noticed an ice beast
  4735 | D:5      | Killed an ice beast
  4736 | D:5      | Mutation became permanent: You have sharp toenails.
                  | [demonic ancestry]
  4736 | D:5      | Gained mutation: You have razor-sharp toenails. [demonic
                  | ancestry]
  4736 | D:5      | Reached XP level 7. HP: 43/55 MP: 6/8
  5000 | D:5      | Reached skill level 5 in Axes
  5058 | D:5      | Found an ornate altar of the Wu Jian Council.
  5232 | D:5      | Reached skill level 5 in Fighting
  5677 | D:5      | Found a staircase to the Ecumenical Temple.
  6105 | D:6      | Reached XP level 8. HP: 59/62 MP: 9/9
  6109 | D:6      | Reached skill level 6 in Axes
  6370 | D:6      | Found Cuhecwim's Distillery.
  6373 | D:6      | Bought a potion of heal wounds for 60 gold pieces
  6373 | D:6      | Bought a potion of curing for 36 gold pieces
  6373 | D:6      | Bought a potion of haste for 120 gold pieces
  6373 | D:6      | Bought a potion of resistance for 120 gold pieces
  6593 | D:6      | Noticed Dowan
  6594 | D:6      | Noticed Duvessa
  6600 | D:6      | Killed Dowan
  6622 | D:6      | Killed Duvessa
  6623 | D:6      | Reached skill level 5 in Armour
  6920 | D:6      | Noticed Pikel
  6941 | D:6      | Killed Pikel
  6942 | D:6      | Reached skill level 7 in Axes
  6957 | D:6      | Noticed Menkaure
  6969 | D:6      | Killed Menkaure
  6969 | D:6      | Reached *** piety under Lugonu
  7435 | D:7      | Reached XP level 9. HP: 67/69 MP: 10/10
  7447 | D:7      | Reached skill level 8 in Axes
  7746 | D:6      | Upgraded the game from 0.26.0-9-gab577f9fc5 to
                  | 0.26.0-10-g1f06aea511
  8360 | D:7      | Reached skill level 1 in Long Blades
  8446 | D:7      | Noticed Prince Ribbit
  8460 | D:7      | Killed Prince Ribbit
  9726 | D:8      | Reached skill level 9 in Axes
 10095 | D:8      | Reached skill level 1 in Throwing
 10255 | D:8      | Gained mutation: You sometimes gain a little power by
                  | taking damage. [demonic ancestry]
 10255 | D:8      | Reached XP level 10. HP: 48/79 MP: 6/11
 10409 | D:8      | Reached **** piety under Lugonu
 10534 | D:8      | Found a staircase to the Lair.
 10825 | D:9      | Reached skill level 10 in Axes
 10835 | D:9      | HP: 3/80 [orc warrior/+0 battleaxe (11)]
 10850 | D:9      | HP: 4/80 [orc/+0 trident (6)]
 11457 | D:9      | Lost mutation: You possess an exceptional clarity of mind.
                  | [potion of mutation]
 11457 | D:9      | Gained mutation: You possess an exceptional clarity of
                  | mind. [potion of mutation]
 11457 | D:9      | Gained mutation: You are robust. (+10% HP) [potion of
                  | mutation]
 11507 | D:9      | Noticed Maggie
 11543 | D:9      | HP: 2/88 [shadow imp/nerve-wracking pain (5)]
 11972 | Lair:1   | Entered Level 1 of the Lair of Beasts
 12016 | Lair:1   | Noticed a five-headed hydra
 12022 | Lair:1   | Banished a five-headed hydra
 12023 | Lair:1   | Reached skill level 1 in Staves
 12316 | Lair:2   | Noticed a cane toad
 12320 | Lair:2   | Killed a cane toad
 12746 | Lair:2   | Noticed an eight-headed hydra
 12890 | Lair:1   | Noticed a four-headed hydra
 12925 | Lair:2   | Noticed a cane toad
 12932 | Lair:2   | Killed a cane toad
 12933 | Lair:2   | Reached XP level 11. HP: 53/97 MP: 10/12
 13041 | Lair:2   | Demolished by a komodo dragon

Illustrated notes

Levels and vault maps discovered:
D:1:      sevenhm_arrival_forest_fort_small_4, layout_loops_ring
D:2:      minmay_wonky_spiral, layout_loops_cross,
          nicolae_overflow_crystal_walls, chequers_ecumenical_altar_twisty,
          minmay_fountain_box, elyvilon_altar_1
D:3:      layout_basic
D:4:      layout_loops_ring, grunt_temple_overflow_forces_of_nature,
          uniq_grinder
D:5:      layout_basic, minmay_temple_entry_ruins, basic_altar, serial_glass,
          glass_columns_b, glass_columns_a, feat_on_display, item_on_display_a,
          chequers_mini_garden
D:6:      layout_loops_corners, serial_shops, nicolae_shop_stone, uniq_menkaure,
          uniq_pikel, uniq_duvessa
D:7:      layout_gridville, uniq_prince_ribbit1
D:8:      layout_basic, due_lair_maze_entry_diamond
D:9:      layout_basic, lemuel_doored_altar, serial_rivers,
          chequers_serial_rivers_small_a, chequers_serial_rivers_small_b,
          chequers_serial_rivers_large_a, chequers_serial_rivers_micro_c,
          serial_shops, shop_statue, basic_altar, moated_statue,
          amcnicky_altar_lugonu_corruption, uniq_maggie
Lair:1:   layout_regular_city, serial_bayou_pond_d, disabler_island,
          grunt_megastairs_1, infiniplex_staircase_pool
Lair:2:   layout_roguey, chequers_serial_rivers_marsh

Skill      XL: |  1  2  3  4  5  6  7  8  9 10 |
---------------+-------------------------------+-----
Axes           | 2 3 4 5 7 9 10 | 10.6
Armour         | 2 3 4 5 6 |  6.1
Fighting       | 4 5 6 7 9 |  9.4
Short Blades   | 1 |  1.3
Long Blades    | 3 |  3.6
Throwing       | 1 |  1.6
Staves         | 3 |  3.6
Dodging        | |  0.9
Invocations    | |  2.6

Action                   |  1- 3 |  4- 6 |  7- 9 | 10-12 || total
-------------------------+-------+-------+-------+-------++-------
Melee: Hand axe          |   139 |       |       |       ||   139
       War axe           |       |    76 |   414 |       ||   490
       Short sword       |       |    19 |       |       ||    19
       Long sword        |       |       |    88 |       ||    88
       Battleaxe         |       |       |       |    94 ||    94
       Lajatang          |       |       |       |    89 ||    89
Throw: Boomerang         |    13 |       |    14 |     4 ||    31
Invok: Bend Space        |       |       |     2 |       ||     2
       Banish            |       |       |       |     3 ||     3
  Use: Potion            |     2 |     1 |       |    12 ||    15
       Scroll            |       |     6 |     3 |     1 ||    10
 Stab: Distracted        |       |       |     3 |     2 ||     5
Armor: Leather armour    |    49 |       |       |       ||    49
       Chain mail        |    13 |    75 |   156 |       ||   244
       Ring mail         |       |       |   192 |   125 ||   317
Dodge: Dodged            |    82 |    36 |   406 |   190 ||   714
       Rpst.: Long sword |       |       |    27 |       ||    27
